 Dungeon Crawl Stone Soup version 0.18-a0-1539-g1c7284a (webtiles) character file.

11943 vonhedlund the Fighter (level 11, -5/100 HPs)
             Began as a Hill Orc Hunter on Mar 3, 2016.
             Was a Follower of Okawaru.
             Slain by a komodo dragon (13 damage)
             ... on level 1 of the Lair of Beasts on Mar 9, 2016.
             The game lasted 02:28:59 (19926 turns).

vonhedlund the Fighter (Hill Orc Hunter)           Turns: 19926, Time: 02:29:01

Health: -5/100     AC: 15    Str: 18    XL:     11   Next: 85%
Magic:  20/20      EV: 13    Int: 11    God:    Okawaru [*.....]
Gold:   441        SH:  0    Dex: 12    Spells: 0 memorised, 10 levels left

rFire  . . .     SeeInvis .     l - +1 hand axe (flame)
rCold  . . .     Gourm    .     y - +6 ring mail of Light {MR+ MP+9 Stlth+}
rNeg   . . .     Faith    .     (no shield)
rPois  .         Spirit   .     (no helmet)
rElec  .         Dismiss  .     (no cloak)
rCorr  .         Reflect  .     W - +0 pair of gloves
SustAt .         Harm     .     w - +1 pair of boots
MR     +....                    (no amulet)
Stlth  +++++.....               (no ring)
                                (no ring)

@: lethally poisoned (-5 -> -14), somewhat resistant to hostile enchantments,
quite stealthy
A: no striking features
a: Heroism, Renounce Religion


You were on level 1 of the Lair of Beasts.
You worshipped Okawaru.
Okawaru was aware of your devotion.
You were not hungry.

You visited 4 branches of the dungeon, and saw 15 of its levels.

You collected 737 gold pieces.
You spent 296 gold pieces at shops.

Inventory:

Hand Weapons
 a - the +6 hand crossbow of Atad {venom, Str+7}
   (You bought it in a shop on level 9 of the Dungeon)

   It poisons the ammo it fires.
   It affects your strength (+7).
 b - a +1 dagger of electrocution
 i - a +0 dagger of speed
 l - a +1 hand axe of flaming (weapon)
 F - a +0 broad axe
 J - a -2 shortbow
 O - a +0 war axe
Missiles
 d - 28 bolts
 m - 122 arrows
 p - 43 poisoned needles
 q - a javelin of returning (quivered)
Armour
 h - the +1 ring mail of Cheibriados's Delight {rPois rC- Int+4 SInv}
   (You found it on level 8 of the Dungeon)

   It affects your intelligence (+4).
   It makes you vulnerable to cold.
   It protects you from poison.
   It lets you see invisible.
 w - a +1 pair of boots (worn)
 y - the +6 ring mail of Light (worn) {MR+ MP+9 Stlth+}
   (You found it on level 4 of the Dungeon)

   It affects your resistance to hostile enchantments.
   It affects your magic capacity (+9).
   It makes you more stealthy.
 S - a +0 shield
 W - a +0 pair of gloves (worn)
 Z - a +1 pair of gloves of strength
Jewellery
 c - an uncursed ring of flight
 e - an uncursed ring of ice {unknown}
 g - an uncursed amulet of magic regeneration
 z - an uncursed ring of resist corrosion {unknown}
 B - a +5 ring of evasion {unknown}
 C - an uncursed ring of positive energy {unknown}
 P - a cursed ring of poison resistance {unknown}
Wands
 s - a wand of iceblast (5/15)
 D - a wand of disintegration (2/24)
 E - a wand of slowing (14/48)
 G - a wand of enslavement (7/24)
 H - a wand of flame (6/48)
 U - a wand of flame (19/48)
Scrolls
 j - 4 scrolls of enchant armour
 k - 3 scrolls of fog
 n - 3 scrolls of fear
 r - 3 scrolls of enchant weapon
 t - 3 scrolls of recharging
 u - a scroll of amnesia {unknown}
 v - a scroll of teleportation
 K - a scroll of remove curse
 L - 3 scrolls of identify
 R - a scroll of immolation {unknown}
 V - 3 scrolls of magic mapping {unknown}
 Y - a scroll of noise {unknown}
Potions
 o - 3 potions of lignification
 x - 3 potions of curing
 A - 2 potions of resistance {unknown}
 M - a potion of might
 T - a potion of degeneration {unknown}
 X - a potion of cancellation {unknown}
Books
 Q - a Fen Folio

   Spells                             Type                      Level
   a - Corpse Rot                     Necromancy                   2
   b - Stone Arrow                    Conjuration/Earth            3
   c - Leda's Liquefaction            Hexes/Earth                  4
   d - Summon Forest                  Summoning/Translocation      5
   e - Hydra Form                     Transmutation                6
   f - Summon Hydra                   Summoning                    7
Comestibles
 f - 8 bread rations
 I - 3 meat rations
 N - 5 chunks of flesh


   Skills:
 - Level 10.2 Fighting
 - Level 8.2 Axes
 - Level 7.8 Crossbows
 - Level 5.7 Armour
 - Level 5.2 Dodging
 + Level 9.8 Stealth


You had 10 spell levels left.
You didn't know any spells.

Dungeon Overview and Level Annotations

Branches:
Dungeon (11/15)            Temple (1/1) D:4            Lair (1/8) D:8
    Orc (2/2) D:9
    Elf: Orc:2

Altars:
Ashenzari
Cheibriados
Dithmenos
Elyvilon
Fedhas
Gozag
Kikubaaqudgha
Makhleb
Nemelex Xobeh
Okawaru
Pakellas
Qazlal
Ru
Sif Muna
Trog
Vehumet
Xom
Zin
The Shining One

Shops:
D:5 }(*!   D:7 *   D:8 [*}=   D:9 %((

Annotations:
D:5 Amnesiac's ghost, amateur FoEE
D:10 nublet's ghost, novice CeFE
D:11 Snorg


Message History

The black mamba resists with some effort.
Evoking this partially-identified wand wasted a few charges.
The black mamba bites you.
* * * LOW HITPOINT WARNING * * *
You are poisoned.
The black mamba poisons you! The komodo dragon misses you.
The black mamba closely misses you.
You hit the komodo dragon but do no damage.
The komodo dragon is severely wounded.
You closely miss the black mamba.
You feel sick. The black mamba bites you.
* * * LOW HITPOINT WARNING * * *
The komodo dragon bites you!
* * * LOW HITPOINT WARNING * * *
You slash the komodo dragon! You burn the komodo dragon.
The komodo dragon is almost dead.
You hit the black mamba but do no damage.
* * * LOW HITPOINT WARNING * * *
You feel sick. The black mamba misses you. The black mamba barely misses you.
The komodo dragon bites you!
You die...

..###.≈≈≈≈≈≈≈≈##...#?..##....
..##.≈≈≈≈≈≈≈≈.....##.........
...P.≈≈≈≈≈≈≈≈≈.#........#....
.....≈≈≈≈≈.≈≈≈...(#8.>.8# ..
....≈≈≈≈.<.≈≈≈.#(.......#
.....≈≈≈≈÷.≈≈≈.#...#.8.##..
....≈≈≈≈≈≈≈≈≈≈.#...#####...
.....≈≈≈≈≈≈≈≈..#Sl.........
......≈≈≈S≈≈..##@..........
.......≈.....###....##.###.
..........#P.###...## #
........÷....##.....#
...........#####...##
..........## #...#
..........# ....#
..........## ##...#
...........# #...#


You could see a komodo dragon and a black mamba.

Vanquished Creatures
  Erolcha (D:9)
  A hill giant (D:10)
  A deep elf mage (D:7)
  Joseph (D:7)
  2 spiny frogs (Lair:1)
  5 trolls
  A shadow (D:11)
  10 yaks
  A spriggan (D:7)
  A hungry ghost (D:10)
  2 hippogriffs
  3 wargs
  A porcupine (Lair:1)
  3 water moccasins (Lair:1)
  A sky beast (D:10)
  5 ice beasts
  7 orc warriors
  3 black bears
  A wasp (D:8)
  2 phantoms (D:10)
  9 ogres
  2 necrophages
  A centaur (D:8)
  7 giant frogs
  2 wyvern skeletons
  4 scorpions
  5 killer bees (D:10)
  2 crimson imps
  A giant frog zombie (D:11)
  A centaur zombie (D:7)
  7 orc priests
  5 hounds
  A giant frog skeleton (D:6)
  3 jellies
  13 orc wizards
  Terence (D:3)
  3 iguanas
  12 worker ants
  2 hound skeletons
  4 gnolls (D:3)
  A howler monkey skeleton (D:9)
  4 river rats (Lair:1)
  13 adders
  3 shadow imps
  2 adder skeletons
  An adder zombie (D:5)
  6 worms
  6 dart slugs
  4 giant geckos
  61 orcs
  7 giant cockroaches
  8 hobgoblins
  7 jackals
  10 kobolds
  5 quokkas
  A ball python (D:3)
  2 bats (D:3)
  7 giant newts
  11 goblins
  A jackal zombie (D:7)
  4 rats
  A plant (D:8)
302 creatures vanquished.

Vanquished Creatures (collateral kills)
  A crimson imp (D:5)
1 creature vanquished.

Vanquished Creatures (others)
  An orc (D:4)
1 creature vanquished.

Grand Total: 304 creatures vanquished

Notes
Turn   | Place    | Note
--------------------------------------------------------------
     0 | D:1      | vonhedlund the Hill Orc Hunter began the quest for the Orb.
     0 | D:1      | Reached XP level 1. HP: 18/18 MP: 1/1
   129 | D:1      | Reached XP level 2. HP: 11/25 MP: 2/2
   283 | D:1      | Reached skill level 3 in Fighting
   825 | D:1      | Reached XP level 3. HP: 31/31 MP: 3/3
  1225 | D:2      | Reached skill level 4 in Fighting
  1599 | D:2      | Reached XP level 4. HP: 28/41 MP: 4/4
  2110 | D:3      | Reached skill level 5 in Fighting
  2221 | D:3      | Found a shimmering altar of Xom.
  2233 | D:3      | Reached skill level 1 in Armour
  2234 | D:3      | Found a shimmering altar of Xom.
  2247 | D:3      | Found a shimmering altar of Xom.
  2288 | D:3      | Found a shimmering altar of Xom.
  2292 | D:3      | You fall through a shaft for 3 floors!
  2303 | D:6      | Noticed a giant frog
  2319 | D:5      | Entered Level 5 of the Dungeon
  2319 | D:5      | Found Bumafera's Distillery.
  2334 | D:5      | Noticed a giant frog
  2414 | D:4      | Got a jewelled ring mail
  2435 | D:3      | Identified the +6 ring mail of Light {MR+ MP+9 Stlth+} (You found it on level 4 of the Dungeon)
  2652 | D:4      | Reached XP level 5. HP: 48/48 MP: 5/5
  2681 | D:4      | Found a staircase to the Ecumenical Temple.
  3436 | D:3      | Found a faded altar to an unknown god.
  3613 | D:3      | Reached XP level 6. HP: 46/56 MP: 6/6
  3675 | D:3      | Noticed Terence
  3714 | D:3      | Killed Terence
  4004 | D:4      | Reached skill level 5 in Armour
  4642 | Temple   | Entered the Ecumenical Temple
  4816 | D:5      | Noticed Amnesiac's ghost (amateur FoEE)
  4918 | D:5      | Noticed an ice beast
  4973 | D:6      | Noticed an ice beast
  4986 | D:6      | Killed an ice beast
  4986 | D:6      | Reached XP level 7. HP: 52/61 MP: 7/7
  5421 | D:6      | Found a shattered altar of Ashenzari.
  6201 | D:6      | Reached skill level 5 in Stealth
  6201 | D:6      | Reached XP level 8. HP: 56/68 MP: 8/8
  6665 | D:5      | Found Wycitruwa's Assorted Antiques.
  7077 | D:5      | Found Ukesch's Antique Weapon Emporium.
  7095 | D:5      | Found Yzxetuah's Gadget Shoppe.
  7128 | D:5      | Reached skill level 5 in Crossbows
  7200 | D:5      | HP: 5/102 [poisoned by a worker ant]
  7206 | D:5      | HP: 4/102 [poisoned by a worker ant]
  7212 | D:5      | HP: 4/102 [poisoned by a worker ant]
  7220 | D:5      | HP: 4/102 [poisoned by a worker ant]
  7540 | D:5      | Bought a potion of curing for 42 gold pieces
  7540 | D:5      | Bought a potion of curing for 42 gold pieces
  7977 | D:7      | Found an opulent altar of Gozag.
  7978 | D:7      | Found a glowing silver altar of Zin.
  8050 | D:7      | Noticed a deep elf mage
  8114 | D:7      | Found Touth's General Store.
  8168 | D:7      | Noticed Joseph
  8185 | D:7      | Found a stormy altar of Qazlal.
  8318 | D:6      | Reached XP level 9. HP: 74/74 MP: 9/9
  8930 | D:7      | Reached skill level 6 in Fighting
  9008 | D:7      | Upgraded the game from 0.18-a0-1485-g189885c to 0.18-a0-1497-g788d838
  9030 | D:7      | Killed Joseph
  9030 | D:7      | Reached skill level 7 in Fighting
  9607 | D:7      | Reached skill level 8 in Fighting
  9872 | D:8      | Reached skill level 9 in Fighting
  9947 | D:8      | Got an emerald-encrusted ring mail
  9970 | D:8      | Identified the +1 ring mail of Cheibriados's Delight {rPois rC- Int+4 SInv} (You found it on level 8 of the Dungeon)
 10056 | D:8      | Found Kaim's Armour Shoppe.
 10410 | D:8      | Reached skill level 5 in Axes
 10410 | D:8      | Reached XP level 10. HP: 91/91 MP: 10/10
 10495 | D:8      | Found Jugil's Gadget Boutique.
 10521 | D:8      | Found Qiur's Assorted Antiques.
 10562 | D:8      | Found Maopeq's Jewellery Shoppe.
 11725 | D:7      | Killed a deep elf mage
 11812 | D:8      | Found a staircase to the Lair.
 11854 | Lair:1   | Entered Level 1 of the Lair of Beasts
 11857 | Lair:1   | Noticed a spiny frog
 11909 | D:9      | Found Gidghe's Antique Weapon Emporium.
 11909 | D:9      | Noticed Erolcha
 11925 | D:9      | Found Henufeab's Antique Weapon Boutique.
 12570 | D:9      | Found a staircase to the Orcish Mines.
 12655 | D:9      | Reached skill level 10 in Fighting
 13053 | D:9      | Found Uxuacwat's Food Shop.
 13077 | D:9      | Found an iron altar of Okawaru.
 13319 | Orc:1    | Entered Level 1 of the Orcish Mines
 13555 | Orc:2    | Entered Level 2 of the Orcish Mines
 14303 | Orc:2    | Noticed an orc knight
 14801 | Orc:1    | Upgraded the game from 0.18-a0-1497-g788d838 to 0.18-a0-1507-g69458e0
 14958 | Orc:1    | Reached skill level 5 in Dodging
 15049 | D:10     | Entered Level 10 of the Dungeon
 15049 | D:10     | Noticed nublet's ghost (novice CeFE)
 15138 | D:8      | Upgraded the game from 0.18-a0-1507-g69458e0 to 0.18-a0-1526-gcb34c7c
 15565 | Lair:1   | Reached XP level 11. HP: 75/100 MP: 11/11
 15977 | Lair:1   | Noticed a five-headed hydra
 16457 | D:9      | Killed Erolcha
 16520 | D:9      | Bought a sapphire hand crossbow for 212 gold pieces
 16521 | D:9      | Identified the +6 hand crossbow of Atad {venom, Str+7} (You bought it in a shop on level 9 of the Dungeon)
 16671 | D:9      | Found a glowing golden altar of the Shining One.
 16671 | D:9      | Found a burning altar of Makhleb.
 16682 | D:9      | Became a worshipper of Warmaster Okawaru
 16748 | D:10     | Noticed a hill giant
 16765 | D:10     | Killed a hill giant
 18386 | D:10     | Reached * piety under Okawaru
 18474 | D:10     | HP: 5/150 [yak (7)]
 19125 | D:11     | Noticed Snorg
 19291 | D:11     | Noticed a purple ugly thing
 19349 | D:10     | Upgraded the game from 0.18-a0-1526-gcb34c7c to 0.18-a0-1539-g1c7284a
 19926 | Lair:1   | Slain by a komodo dragon

Vault maps used:
D:1:      dpeg_arrival_three_bigger_balls
D:3:      kennysheep_six_static_rooms, ecumenical_altar_2, first_bread,
          xom_redecorated, uniq_terence
D:4:      temple_statues
D:5:      lemuel_zombie_altar_yredelemnul, serial_shops, nicolae_shop_crystal,
          nicolae_shop_behind_doors, shop, shop, shop_fountains
D:6:      kennysheep_mini_moat
D:7:      grunt_temple_overflow_gold_and_silver, kennysheep_mini, serial_shops,
          shop, the_bakery, minmay_statues_item, kennysheep_doodads,
          grunt_tough_drop, uniq_joseph
D:8:      erik_lair_orcish_takeover, serial_shops, nicolae_shop_behind_doors,
          nicolae_shop_overgrown_old_shop, nicolae_shop_behind_doors, shop
D:9:      nicolae_overflow_hidden_temple, hiddenorc2_lemuel, serial_shops, shop,
          shop, shop, uniq_erolcha
D:11:     uniq_snorg
Temple:   circular_temple_12
Lair:1:   st_stairs_11, infiniplex_staircase_pool_2, grunt_megastairs_3
Orc:2:    st_orc_elflike

Skill      XL: |  1  2  3  4  5  6  7  8  9 10 11 |
---------------+----------------------------------+-----
Fighting       | 3 4 5 9 10 | 10.2
Armour         | 2 4 5 |  5.7
Stealth        | 2 5 9 |  9.8
Crossbows      | 7 |  7.8
Axes           | 5 8 |  8.2
Dodging        | 5 |  5.2

Action                   |  1- 3 |  4- 6 |  7- 9 | 10-12 || total
-------------------------+-------+-------+-------+-------++-------
Melee: Short sword       |   117 |   403 |   238 |       ||   758
       Long sword        |       |    20 |       |       ||    20
       Dagger            |       |       |   185 |   114 ||   299
       Hand axe          |       |       |       |   579 ||   579
       War axe           |       |       |       |   107 ||   107
       Broad axe         |       |       |       |     1 ||     1
 Fire: Hand crossbow     |    13 |     3 |    87 |    21 ||   124
Throw: Javelin           |    13 |    53 |    62 |    60 ||   188
Invok: Heroism           |       |       |       |     1 ||     1
Evoke: Wand              |       |     8 |     4 |     7 ||    19
  Use: Scroll            |       |     8 |     7 |     5 ||    20
       Potion            |       |       |     6 |     3 ||     9
 Stab: Sleeping          |     1 |     1 |     1 |     5 ||     8
       Distracted        |       |       |       |     2 ||     2
  Eat: Chunk             |     2 |    10 |    11 |    19 ||    42
       Beef jerky        |       |     1 |       |       ||     1
       Fruit             |       |       |     3 |       ||     3
       Bread ration      |       |       |     1 |     4 ||     5
       Royal jelly       |       |       |       |     1 ||     1
